 Dungeon Crawl Stone Soup version 0.29.0-13-gc9e81de378 (webtiles) character file.

Game seed: 9740710793745134407

12434 gelatine the Skirmisher (level 11, -6/84 HPs)
             Began as a Demonspawn Hunter on Sept 7, 2022.
             Was an Initiate of Yredelemnul.
             Mangled by a shadow (26 damage)
             ... on level 10 of the Dungeon on Sept 8, 2022.
             The game lasted 00:49:16 (12884 turns).

gelatine the Skirmisher (Demonspawn Hunter)        Turns: 12884, Time: 00:49:17

Health: -6/84      AC: 11    Str: 11    XL:     11   Next: 62%
Magic:  18/18      EV: 19    Int: 11    God:    Yredelemnul [......]
Gold:   774        SH:  5    Dex: 21    Spells: 10/10 levels left

rFire   . . .      SeeInvis .   F - +2 sling (vorpal)
rCold   . . .      Faith    .   (no shield)
rNeg    + . .      Spirit   .   U - +2 robe {rN+}
rPois   .          Reflect  +   (no helmet)
rElec   .          Harm     .   f - scarf {repulsion}
rCorr   .          Rampage  .   (no gloves)
Will    .....                   c - +0 pair of boots
Stlth   ++........              O - amulet of reflection
HPRegen 0.24/turn               q - +4 ring of evasion
MPRegen 0.16/turn               S - +4 ring of protection

@: slowed, repel missiles, very slow
A: molten scales 1, demonic guardian 2, spiny 1, weakness stinger 2
a: Renounce Religion, Recall Undead Harvest


You were on level 10 of the Dungeon.
You worshipped Yredelemnul.
Yredelemnul was aware of your devotion.
You visited 3 branches of the dungeon, and saw 12 of its levels.
You also visited: Ossuary.

You collected 774 gold pieces.

Inventory:

Hand Weapons
 a - a +0 shortbow
 F - a +2 vorpal sling (weapon)
 K - a +0 shortbow
Missiles
 y - a boomerang of dispersal
 I - 2 atropa-tipped darts
Armour
 c - a +0 pair of boots (worn)
 f - a scarf of repulsion (worn)
 U - a +2 robe of positive energy (worn)
 V - a +0 kite shield
Magical Staves
 k - a staff of fire
Jewellery
 j - a ring of poison resistance
 q - a +4 ring of evasion (left hand)
 E - a ring of wizardry
 O - an amulet of reflection (around neck)
 Q - an amulet of the acrobat
 R - a ring of resist corrosion
 S - a +4 ring of protection (right hand)
Wands
 C - a wand of mindburst (1)
 M - a wand of digging (3)
 P - a wand of polymorph (6)
 X - a wand of charming (3)
Scrolls
 b - 2 scrolls of immolation
 h - 5 scrolls of teleportation
 i - 7 scrolls of vulnerability
 o - a scroll of silence
 p - 3 scrolls of noise
 s - 3 scrolls of blinking
 v - a scroll of enchant weapon
 w - a scroll of fog {unknown}
 x - 3 scrolls of fear {unknown}
 D - a scroll of torment {unknown}
 G - a scroll of brand weapon {unknown}
 H - a scroll of poison {unknown}
 J - 3 scrolls of enchant armour {unknown}
Potions
 d - a potion of berserk rage
 e - 2 potions of attraction
 g - 3 potions of might
 l - a potion of resistance {unknown}
 m - a potion of invisibility
 n - 7 potions of curing
 r - a potion of flight
 t - 3 potions of lignification
 u - 2 potions of magic {unknown}
 z - a potion of brilliance {unknown}
 A - 4 potions of ambrosia
 B - 2 potions of cancellation {unknown}
 L - 2 potions of heal wounds
 T - a potion of degeneration {unknown}
 W - 2 potions of mutation {unknown}


   Skills:
 * Level 7.6 Fighting
 + Level 12.5 Ranged Weapons
 + Level 4.1 Armour
 * Level 5.0 Dodging
 + Level 2.1 Stealth
 + Level 2.2 Shields
 + Level 1.0 Unarmed Combat
 + Level 10.4 Invocations


You had 10 spell levels left.
You didn't know any spells.
Your spell library contained the following spells:

 Spells                   Type           Power      Damage    Failure   Level
 Apportation              Tloc           0%         N/A       34%         1
 Freeze                   Ice            0%         1d3       34%         1
 Necrotise                Necr           0%         1d4       34%         1
 Summon Small Mammal      Summ           0%         N/A       34%         1
 Sublimation of Blood     Necr           0%         N/A       47%         2
 Wereblood                Tmut           0%         N/A       47%         2
 Frozen Ramparts          Ice            0%         1d1       71%         3
 Vampiric Draining        Necr           0%         2d6       71%         3
 Hailstorm                Conj/Ice       0%         3d3       98%         4
 Leda's Liquefaction      Hex/Erth       0%         N/A       98%         4
 Petrify                  Tmut/Erth      0%         N/A       98%         4
 Agony                    Necr           0%         N/A       100%        5
 Blade Hands              Tmut           0%         N/A       100%        5
 Irradiate                Conj/Tmut      0%         3d11      100%        5
 Lee's Rapid Deconstruct  Erth           0%         3d5*      100%        5
 Metabolic Englaciation   Hex/Ice        0%         N/A       100%        5
 Statue Form              Tmut/Erth      0%         N/A       100%        6
 Dragon Form              Tmut           0%         N/A       100%        7
 Summon Hydra             Summ           0%         N/A       100%        7


Dungeon Overview and Level Annotations

Branches:
Dungeon (10/15)            Temple (1/1) D:4            Lair (0/5) D:10
    Orc (1/2) D:9         Ossuary (visited)

Altars:
Ashenzari
Cheibriados
Dithmenos
Fedhas
Gozag
Hepliaklqana
Kikubaaqudgha
Makhleb
Nemelex Xobeh
Okawaru
Qazlal
Ru
Sif Muna
Trog
Uskayaw
Vehumet
Wu Jian
Xom
Yredelemnul

Shops:
D:8 (

Annotations:
D:10 experimilk's ghost, journeyman PaFi
Orc:1 Jorgrun


Innate Abilities, Weirdness & Mutations

You are partially covered in molten scales. (AC +2)
A demonic guardian rushes to your aid.
You are partially covered in sharp spines.
You have a tail ending in a sharp stinger.


Message History

Experimilk's ghost barely misses your ice devil.
Your ice devil hits experimilk's ghost but does no damage.
The shadow hits your ice beast zombie!
Fire: F) +2 sling (vorpal)
Press: ? - help, Q - select action, (/) - cycle Shift-Dir - straight line, f - experimilk's ghost
Aim: experimilk's ghost, wielding a weapon of protection (heavily damaged, blind, ally target, 73% to hit)
You shoot a sling bullet.
The sling bullet hits experimilk's ghost but does no damage.
Experimilk's ghost is heavily damaged.
The shadow is struck by your spines. The shadow misses you.
Experimilk's ghost completely misses you.
Your ice beast zombie closely misses the shadow.
Your ice devil closely misses experimilk's ghost.
The shadow hits your ice beast zombie! The shadow is struck by your spines.
The shadow misses you.
Experimilk's ghost hits you but does no damage.
Your ice devil hits experimilk's ghost but does no damage.
Your ice beast zombie barely misses the shadow.
The shadow hits your ice beast zombie!
The shadow slips into darkness.
The shadow flickers and vanishes!
Deactivating autopickup; reactivate with Ctrl-A.
Experimilk's ghost is struck by your spines.
Experimilk's ghost misses you.
Your ice devil completely misses experimilk's ghost.
Your ice beast zombie hits the shadow.
Fire: F) +2 sling (vorpal)
Press: ? - help, Q - select action, (/) - cycle Shift-Dir - straight line, f/p - experimilk's ghost
Aim: experimilk's ghost, wielding a weapon of protection (heavily damaged, blind, ally target, 73% to hit)
You shoot a sling bullet.
The sling bullet barely misses experimilk's ghost.
The sling bullet hits the shadow but does no damage.
The shadow is lightly damaged.
Experimilk's ghost is no longer blind.
The shadow hits your ice beast zombie!
Your ice beast zombie is destroyed!
You block experimilk's ghost's attack.
Your ice devil hits experimilk's ghost but does no damage.
The shadow strikes at you from the darkness!
You die...
Your body rises from the dead as a mindless zombie.

####..####~~~~.~≈.....#.# #
#..# #~.......#...#.# #
#..####......###.#...# #
##................#...# #
#....#........#####...#######
#....#........# #.#.......#
#....#........#####.#...###.#
###..'........'.......#..##.#
####.....4@.#####.#.##..#.#
#^....W..# #.#(###.#.#
####'W'### #.#.# #...#
#.......# #.#.# ##..#
##.....## #.#+#####..
#.......# #.........#
##.$?=.## #.........#
#..8.8..# #..........
######### ##..........


You could see a shadow, experimilk's ghost (ally target) and a friendly ice
devil (summoned).

Vanquished Creatures
  An orc sorcerer (Orc:1)
  A freezing wraith (D:10)
  Psyche (D:9)
  3 trolls (D:10)
  Prince Ribbit (D:7)
  A hornet (D:7)
  2 shadows
  2 centaur simulacra (D:10)
  A wyvern (D:10)
  12 yaks
  A steam dragon (D:7)
  A warg (Orc:1)
  2 acid dragons (D:10)
  A water moccasin (D:7)
  A sky beast (D:7)
  2 black bears (D:6)
  7 ice beasts
  An ogre (Orc:1)
  A centaur (D:10)
  A kobold brigand (D:8)
  An elf zombie (Ossuary)
  4 bullfrogs
  4 scorpions
  8 necrophages
  A wight (D:7)
  12 killer bees
  2 vampire bats (D:9)
  An electric eel (D:10)
  2 howler monkeys (D:7)
  3 centaur zombies (Ossuary)
  A jelly (D:5)
  7 hounds
  An orc priest (D:8)
  A gnoll bouda (D:7)
  Jessica (D:3)
  2 iguanas
  7 orc wizards
  2 hound zombies (Ossuary)
  3 mummies (Ossuary)
  Robin (D:3)
  10 gnolls
  4 adders
  5 white imps
  7 ufetubi
  6 adder zombies
  3 worms
  4 dart slugs
  26 orcs
  11 ball pythons
  2 bat skeletons (D:9)
  3 bat zombies (D:9)
  4 endoplasms
  8 giant cockroaches (D:3)
  A gnoll zombie (Ossuary)
  17 goblins
  10 hobgoblins
  10 kobolds
  3 quokkas
  3 bats
  3 frilled lizards
  4 goblin zombies (Ossuary)
  A hobgoblin zombie (Ossuary)
  6 jackal zombies (Ossuary)
  3 kobold zombies (Ossuary)
  An orc zombie (Ossuary)
  4 quokka zombies (Ossuary)
  2 rats
  3 rat zombies (Ossuary)
271 creatures vanquished.

Vanquished Creatures (collateral kills)
  A two-headed ogre (D:9)
  A kobold demonologist (D:10)
  A hornet (D:4)
  A centaur simulacrum (D:10)
  2 wraiths (D:10)
  2 wyverns
  3 yaks
  An orc warrior (D:9)
  An ice beast (D:6)
  A sky beast (D:8)
  A centaur (D:9)
  An elf zombie (Ossuary)
  A bullfrog (D:8)
  3 gnoll sergeants (D:9)
  A scorpion (D:7)
  3 killer bees
  A jelly (D:6)
  Ijyb (D:3)
  An iguana (D:5)
  6 gnolls (D:9)
  2 adders
  2 white imps (D:10)
  A dart slug (D:1)
  3 orcs
  A ball python (D:3)
  2 endoplasms
  A kobold (D:2)
  A frilled lizard (D:1)
46 creatures vanquished.

Vanquished Creatures (others)
  A yak (D:10)
  A two-headed ogre zombie (D:9)
  An orc warrior (D:10)
  A kobold brigand (D:10)
  A human zombie (D:9)
  A troll zombie (D:10)
  2 yak zombies (D:10)
  A killer bee (D:10)
  A centaur zombie (D:10)
  A bullfrog zombie (D:7)
  A black bear zombie (D:6)
  2 scorpion zombies (D:7)
  9 killer bee zombies
  An ogre zombie (Orc:1)
  A sky beast zombie (D:7)
  4 ice beast zombies
  2 hound zombies
  2 howler monkey zombies (D:7)
  An adder zombie (D:6)
  An iguana zombie (D:7)
  4 spectral white imps (D:10)
  3 ball python zombies
  An endoplasm zombie (D:3)
  A gnoll zombie (D:9)
  3 goblin zombies (D:3)
  A hobgoblin zombie (D:3)
  12 orc zombies
  2 spectral ufetubi
  12 plants (D:4)
74 creatures vanquished.

Grand Total: 391 creatures vanquished

Notes
Turn   | Place    | Note
-------+----------+-------------------------------------------
     0 | D:1      | gelatine the Demonspawn Hunter began the quest for the Orb.
     0 | D:1      | Reached XP level 1. HP: 16/16 MP: 1/1
   180 | D:1      | Found a faded altar of an unknown god.
   185 | D:1      | Prayed at the altar of an unknown god.
   185 | D:1      | Became a worshipper of Yredelemnul the Dark
   185 | D:1      | Reached * piety under Yredelemnul
   223 | D:1      | Gained mutation: You are partially covered in molten
                  | scales. (AC +2) [demonic ancestry]
   223 | D:1      | Reached XP level 2. HP: 22/22 MP: 2/2
   382 | D:1      | Reached ** piety under Yredelemnul
   383 | D:1      | Reached skill level 4 in Ranged Weapons
   406 | D:1      | Reached skill level 1 in Stealth
   434 | D:1      | Reached skill level 1 in Invocations
   868 | D:2      | Gained mutation: You have a small tail. [demonic ancestry]
   868 | D:2      | Reached XP level 3. HP: 27/27 MP: 3/3
  1845 | D:3      | Noticed Robin
  1854 | D:3      | Reached XP level 4. HP: 26/34 MP: 5/5
  1862 | D:3      | Killed Robin
  1862 | D:3      | Your ally Robin died
  1927 | D:3      | You fall into a shaft and drop 2 floors!
  1927 | D:5      | Entered Level 5 of the Dungeon
  2255 | D:5      | Noticed a necrophage
  2271 | D:5      | Killed a necrophage
  2272 | D:5      | Reached skill level 1 in Armour
  2272 | D:5      | Gained mutation: You are partially covered in sharp spines.
                  | [demonic ancestry]
  2272 | D:5      | Reached XP level 5. HP: 38/39 MP: 5/7
  2345 | D:5      | Reached skill level 5 in Ranged Weapons
  2351 | D:5      | Found a hazy altar of Hepliaklqana.
  2352 | D:5      | Found a shadowy altar of Dithmenos.
  2353 | D:5      | Noticed a shadow
  2620 | D:5      | Found a bloodstained altar of Trog.
  2664 | D:5      | Gained mutation: A weak demonic guardian rushes to your
                  | aid. [demonic ancestry]
  2664 | D:5      | Reached XP level 6. HP: 46/46 MP: 8/8
  2719 | D:4      | Found a staircase to the Ecumenical Temple.
  2875 | D:4      | Found a sand-covered staircase.
  2918 | Ossuary  | Entered an ossuary
  3118 | Ossuary  | Reached skill level 6 in Ranged Weapons
  3118 | Ossuary  | Gained mutation: A demonic guardian rushes to your aid.
                  | [demonic ancestry]
  3118 | Ossuary  | Reached XP level 7. HP: 45/52 MP: 9/9
  3812 | D:3      | Noticed Jessica
  3813 | D:3      | Noticed Ijyb
  3822 | D:3      | Killed Jessica
  3828 | D:3      | Killed Ijyb
  4589 | D:5      | Reached skill level 7 in Ranged Weapons
  4771 | D:5      | Reached skill level 5 in Invocations
  5226 | D:6      | Gained mutation: You have a tail ending in a sharp stinger.
                  | [demonic ancestry]
  5226 | D:6      | Reached XP level 8. HP: 46/60 MP: 11/11
  5501 | D:6      | Found a burning altar of Makhleb.
  5501 | D:6      | Noticed a balrug
  5922 | D:6      | Reached skill level 8 in Ranged Weapons
  6565 | D:4      | Found a blossoming altar of Fedhas.
  6579 | D:4      | Noticed a hornet
  6585 | D:4      | Killed a hornet
  6958 | D:4      | Reached XP level 9. HP: 66/66 MP: 13/13
  6981 | D:4      | Reached skill level 9 in Ranged Weapons
  7030 | Temple   | Entered the Ecumenical Temple
  7472 | D:7      | Noticed Prince Ribbit
  7487 | D:7      | Killed Prince Ribbit
  7488 | D:7      | Reached skill level 5 in Fighting
  7758 | D:7      | Reached skill level 10 in Ranged Weapons
  8300 | D:7      | Reached XP level 10. HP: 71/76 MP: 16/16
  8631 | D:8      | Found Qiev's Weapon Shop.
  8826 | D:8      | Reached skill level 1 in Unarmed Combat
  9176 | D:8      | Found an ornate altar of the Wu Jian Council.
  9255 | D:9      | Noticed a two-headed ogre
  9391 | D:9      | Killed a two-headed ogre
  9486 | D:9      | Noticed Psyche
  9521 | D:9      | Killed Psyche
  9522 | D:9      | Reached skill level 11 in Ranged Weapons
  9589 | D:9      | Found a radiant altar of Vehumet.
  9633 | D:9      | Your ally Psyche died
  9641 | D:9      | Reached skill level 1 in Shields
 10006 | D:9      | Found a staircase to the Orcish Mines.
 10020 | D:9      | Reached *** piety under Yredelemnul
 10035 | D:9      | Reached **** piety under Yredelemnul
 10038 | D:9      | Reached XP level 11. HP: 51/83 MP: 18/18
 10249 | D:9      | Found an ancient bone altar of Kikubaaqudgha.
 10347 | D:9      | Found a sparkling altar of Nemelex Xobeh.
 10367 | D:9      | Found a basalt altar of Yredelemnul.
 10447 | Orc:1    | Entered Level 1 of the Orcish Mines
 10452 | Orc:1    | Noticed an orc sorcerer
 10470 | Orc:1    | Killed an orc sorcerer
 10564 | Orc:1    | Noticed Jorgrun
 10916 | D:10     | Entered Level 10 of the Dungeon
 10946 | D:10     | Reached skill level 10 in Invocations
 11184 | D:10     | Reached skill level 12 in Ranged Weapons
 11512 | D:10     | Found a sacrificial altar of Ru.
 11701 | D:10     | Found a staircase to the Lair.
 12113 | D:10     | Found a shimmering altar of Xom.
 12132 | D:10     | Reached skill level 5 in Dodging
 12133 | D:10     | Reached ***** piety under Yredelemnul
 12306 | D:10     | Found a runed translucent gate.
 12306 | D:10     | Found a runed translucent gate.
 12306 | D:10     | Found a runed translucent gate.
 12309 | D:10     | Noticed experimilk's ghost (journeyman PaFi)
 12884 | D:10     | Mangled by a shadow

Illustrated notes

Levels and vault maps discovered:
D:1:      minmay_arrival_four_loops, layout_basic,
          shapermc_ecumenical_altar_notcrosses
D:2:      layout_basic, nicolae_hexahallways
D:3:      layout_basic, gup_sewer_entry_pipe, minmay_pentangle, uniq_jessica,
          uniq_ijyb, uniq_robin
D:4:      layout_cave_pools, fedhas_altar_decomposition,
          minmay_temple_entry_mist, nicolae_ossuary_entry_false_entrances
D:5:      layout_basic, riverfiend_overflow_shadow_ancestor, bloody_trog,
          eino_curves_02, kennysheep_generic_room_10
D:6:      layout_layer_cave, makhleb_altar_promises_db
D:7:      minmay_spotlight, layout_basic, minmay_fractal_squares_5,
          uniq_prince_ribbit1
D:8:      layout_loops_ring, kennysheep_little_box, serial_shops, shop
D:9:      layout_cave_pools, nicolae_vehumet_radiance, kennysheep_mini,
          kennysheep_vampire_church, yredelemnul_altar_generic, orc_0_dummy,
          uniq_psyche
D:10:     layout_basic, mainiacjoe_overflow_paths, xom_confusion_cloud,
          lair_entry_dummy, serial_ice, serial_ice_j, serial_ice_n,
          serial_ice_f, serial_ice_e, serial_ice_h, serial_ice_m,
          gammafunk_ghost_spectres, nicolae_figureground_pulse
Temple:   hellmonk_temple_flake
Orc:1:    layout_diamond_mine, uniq_jorgrun

Skill      XL: |  1  2  3  4  5  6  7  8  9 10 11 |
---------------+----------------------------------+-----
Dodging        | 2 3 4 5 |  5.0
Ranged Weapons | 4 5 6 7 8 10 11 12 | 12.5
Stealth        | 1 2 |  2.1
Invocations    | 1 2 3 5 6 8 9 10 | 10.4
Armour         | 1 2 3 4 |  4.1
Fighting       | 3 4 5 6 7 |  7.6
Unarmed Combat | 1 |  1.0
Shields        | 1 2 |  2.2

Action                   |  1- 3 |  4- 6 |  7- 9 | 10-12 || total
-------------------------+-------+-------+-------+-------++-------
Melee: Unarmed           |       |       |    14 |     2 ||    16
       Staff             |       |       |     5 |       ||     5
       Tailslap          |       |       |     1 |       ||     1
 Fire: Shortbow          |    90 |   158 |   369 |   105 ||   722
       Sling             |       |       |       |   261 ||   261
Invok: Recall Undead Har |       |       |       |     1 ||     1
Evoke: Wand              |       |       |       |     2 ||     2
  Use: Scroll            |     3 |     1 |       |     9 ||    13
       Potion            |       |       |     4 |     3 ||     7
Armor: Leather armour    |    12 |    26 |    12 |       ||    50
       Ring mail         |       |       |    33 |    12 ||    45
       Robe              |       |       |       |    43 ||    43
       Skin              |       |       |       |     1 ||     1
Dodge: Dodged            |    33 |    50 |   137 |   217 ||   437
Block: Other             |       |       |       |    67 ||    67
       Reflection        |       |       |       |     2 ||     2
